AoeStats
← flynorc

Fortress

508530726Analyzed
3v3 RM · 8d ago on Sep 22, 2026· 13m 1s· 6 players
Game mode
Random Map
Map size
Large (8 player)
Population
200
Speed
Normal
Resources
Standard
Victory
Conquest
Starting age
Dark Age
Ending age
Imperial Age
RankedLock teamsTeams togetherTeam positionsShared explorationLock speedFull tech treeHidden civsTurbo modeCheats
Victory
Defeat
🇩🇪 Bengalis · Germany
1563
+13
🇺🇸 Varangians · United States
1385
+20
🇨🇦 Magyars · Canada
1356
+22
🇫🇷 Khmer · France
1544
-21
🇧🇷 Bohemians · Brazil
1473
-18
🇦🇹 Spanish · Austria
1436
-16
GuguBot
8:07 Feudal Age
11:39 Castle Age
10:26 Double-Bit Axe
10:23 Horse Collar
11:27 Fletching
Don JaMaL
5:38 Loom
5:53 Loom
7:38 Feudal Age
11:52 Castle Age
10:24 Gold Mining
10:21 Double-Bit Axe
10:29 Horse Collar
flynorc
< Cobrander >
7:58 Feudal Age
12:01 Castle Age
9:54 Double-Bit Axe
11:49 Loom
12:09 Horse Collar
Polestar
7:45 Feudal Age
6:38 Loom
11:39 Castle Age
10:02 Bloodlines
9:58 Double-Bit Axe
10:03 Horse Collar
11:05 Loom
12:47 Forging
13:39 Scale Barding Armor
Captain Bananatoast
6:29 Feudal Age
6:53 Horse Collar
7:01 Double-Bit Axe
13:10 Castle Age
Connection lost

Rejoining the realm…

Still unreachable

The connection could not be restored.

Session expired

The server has moved on; the page needs a fresh start.